 Dungeon Crawl Stone Soup version 0.31.0-11-ge490571c62 (webtiles) character file.

Game seed: 6296527256003797540

170 browni3141 the Conjurer (level 5, -6/35 HPs)
             Began as a Demonspawn Conjurer on Jan 29, 2024.
             Mangled by a black bear (12 damage)
             ... on level 4 of the Dungeon.
             The game lasted 00:04:31 (4046 turns).

browni3141 the Conjurer (Demonspawn Conjurer)       Turns: 4046, Time: 00:04:32

Health: -6/35      AC:  2    Str:  8    XL:     5   Next: 25%
Magic:  0/9        EV: 12    Int: 20    God:
Gold:   225        SH:  0    Dex: 11    Spells: 7/10 levels left

rFire   . . .        (no weapon)
rCold   . . .        (no shield)
rNeg    . . .        a - +0 robe
rPois   .            (no helmet)
rElec   .            (no cloak)
rCorr   .            (no gloves)
SInv    .            (no boots)
Will    .....        (no amulet)
Stlth   ++           (no ring)
HPRegen 0.25/turn    (no ring)
MPRegen 0.11/turn

%: no passive effects
@: no status effects
A: claws 1
a: no special abilities


You were on level 4 of the Dungeon.
You visited 1 branch of the dungeon, and saw 4 of its levels.

You collected 225 gold pieces.

Inventory:

Armour
 a - a +0 robe (worn)
Jewellery
 o - a +4 ring of protection
 p - an amulet of the acrobat
Scrolls
 d - a scroll of enchant armour {unknown}
 f - a scroll of fear {unknown}
 g - 2 scrolls of teleportation {unknown}
 i - a scroll of fog {unknown}
 j - a scroll of blinking {unknown}
 l - a scroll of enchant weapon {unknown}
 m - a scroll of acquirement {unknown}
 n - 3 scrolls of identify {unknown}
Potions
 b - a potion of magic
 c - a potion of lignification {unknown}
 e - 2 potions of heal wounds {unknown}
 h - a potion of might {unknown}
 k - a potion of mutation {unknown}


   Skills:
 + Level 2.8 Dodging
 + Level 3.1 Stealth
 + Level 3.1 Spellcasting
 + Level 4.7 Conjurations


You had 7 spell levels left.
You knew the following spells:

 Your Spells              Type           Power      Damage    Failure   Level
a - Magic Dart            Conj           88%        1d7       1%          1
b - Searing Ray           Conj           44%        2d6       3%          2

Your spell library contained the following spells:

 Spells                   Type           Power      Damage    Failure   Level
 Sting                    Conj/Alch      48%        1d6       5%          1
 Apportation              Tloc           6%         N/A       14%         1
 Necrotise                Necr           12%        1d4       14%         1
 Summon Small Mammal      Summ           12%        N/A       14%         1
 Call Canine Familiar     Summ           3%         N/A       38%         3
 Sigil of Binding         Hex            3%         N/A       38%         3
 Fulminant Prism          Conj/Alch      6%         3d6       47%         4
 Iskenderun's Mystic Bla  Conj/Tloc      12%        2d5       47%         4
 Dimensional Bullseye     Hex/Tloc       1%         N/A       80%         4


Dungeon Overview and Level Annotations

Branches:
Dungeon (4/15)
 Temple: D:4-7

Altars:
Dithmenos


Innate Abilities, Weirdness & Mutations

You have sharp fingernails.


Message History

An endoplasm is nearby!
An endoplasm is nearby!
The magic dart hits the endoplasm!
You kill the endoplasm!
You can't see any susceptible monsters within range! (Use Z to cast anyway.)
You can't see any susceptible monsters within range! (Use Z to cast anyway.)
There is an open door here.
You open the door.
There is an open door here.
There is an open door here.
You open the door.
There is an open door here.
A kobold comes into view. It is wielding a +0 whip.
A kobold is nearby!
The magic dart hits the kobold.
The kobold is moderately wounded.
The kobold shouts!
The magic dart hits the kobold.
You kill the kobold!
You can't see any susceptible monsters within range! (Use Z to cast anyway.)
Things that are here:
a +0 whip; a kobold corpse You open the door.
There is an open door here.
There is a stone staircase leading up here.
There is an open door here.
Done exploring.
Done exploring.
Done exploring.
You can't see any susceptible monsters within range! (Use Z to cast anyway.)
There is an open door here.
There is an open door here.
There is an open door here.
There is an open door here.
There is an open door here.
There is an open door here.
There is a stone staircase leading down here.
You climb downwards.
There is a stone staircase leading up here.
A black bear comes into view.
A black bear is nearby!
A black bear is nearby!
A black bear is nearby!
The magic dart hits the black bear.
The black bear is lightly wounded.
The black bear growls angrily.
There is a stone staircase leading up here.
Casting: Magic Dart (safe; 1% risk of failure)
Confirm with . or Enter, or press ? or * to list all spells.
Aiming: Searing Ray (safe; 3% risk of failure)
Press: ? - help, Shift-Dir - straight line, f - you, p - black bear
Okay, then.
The magic dart hits the black bear.
The black bear is moderately wounded.
Unknown command.
Casting: Magic Dart (safe; 1% risk of failure)
Confirm with . or Enter, or press ? or * to list all spells.
Aiming: Searing Ray (safe; 3% risk of failure)
Press: ? - help, Shift-Dir - straight line, f/p - black bear
Aim: a black bear (moderately wounded, 84% to hit)
The searing ray misses the black bear. (Press . to maintain the ray.)
The searing ray hits the black bear but does no damage.
The black bear is moderately wounded.
The searing ray hits the black bear!
The black bear is heavily wounded.
The black bear closely misses you. The black bear claws you.
The black bear barely misses you.
The searing ray misses the black bear.
You finish channelling your searing ray.
The black bear closely misses you. The black bear claws you.
The black bear barely misses you.
Casting: Searing Ray (safe; 3% risk of failure)
Confirm with . or Enter, or press ? or * to list all spells.
Aiming: Searing Ray (safe; 3% risk of failure)
Press: ? - help, Shift-Dir - straight line, f/p - black bear
Aim: a black bear (heavily wounded, 84% to hit)
The searing ray hits the black bear!
The black bear is severely wounded. (Press . to maintain the ray.)
The black bear goes berserk!
Aiming: Magic Dart (safe; 1% risk of failure)
Press: ? - help, Q - select action, (/) - cycle Shift-Dir - straight line, f/p - black bear
Aim: a black bear (severely wounded, berserk, 100% to hit)
The magic dart hits the black bear.
The black bear is almost dead.
The black bear bites you but does no damage.
The black bear claws you. The black bear completely misses you.
You scratch the black bear.
The black bear is almost dead.
The black bear completely misses you. The black bear closely misses you.
The black bear barely misses you. The black bear bites you!
The black bear claws you. x2
You scratch the black bear.
The black bear is almost dead.
The black bear misses you. The black bear claws you. x2
You barely miss the black bear.
The black bear is almost dead.
The black bear bites you!
You die...

#.. ..... .
..###......#
..###....... ..#
....#...... ....
#........ .....
###......##.....
#......h........
.#....@....#
...........##
................
....#....?......
... ##.....[###.
.# .....#...
###..###... ##..
#... ... ...


You could see a black bear (berserk).

Vanquished Creatures
  2 adders
  6 gnolls
  3 ribbon worms
  6 orcs (D:3)
  5 ball pythons
  7 endoplasms
  2 giant cockroaches (D:1)
  5 goblins
  7 hobgoblins
  10 jackals
  4 kobolds
  8 bats
  6 frilled lizards
  5 rats
76 creatures vanquished.

Notes
Turn   | Place    | Note
-------+----------+-------------------------------------------
     0 | D:1      | browni3141 the Demonspawn Conjurer began the quest for the
                  | Orb.
     0 | D:1      | Reached XP level 1. HP: 13/13 MP: 3/3
   115 | D:1      | Gained mutation: You have sharp fingernails. [demonic
                  | ancestry]
   115 | D:1      | Reached XP level 2. HP: 16/19 MP: 0/5
   297 | D:1      | You fall into a shaft and drop 1 floor!
   788 | D:1      | Reached XP level 3. HP: 18/24 MP: 1/6
  1045 | D:1      | Learned a level 2 spell: Searing Ray
  1722 | D:2      | Reached XP level 4. HP: 30/30 MP: 1/7
  2497 | D:3      | Found a shadowy altar of Dithmenos.
  3104 | D:3      | Reached XP level 5. HP: 35/35 MP: 1/9
  4032 | D:4      | Noticed a black bear
  4046 | D:4      | Mangled by a black bear

Illustrated notes

Levels and vault maps discovered:
D:1:      roderic_dead_forest, layout_rooms, minmay_statues_item,
          hangedman_decor_clover_reticule, nicolae_grassy_gnolls
D:2:      layout_basic
D:3:      minmay_chambers_of_twos, layout_loops_corners,
          mainiacjoe_overflow_24_doors, nicolae_dithmenos_shadow_blocks,
          minmay_misc_feat_alley, nrook_mini_backslash, minivault_5,
          kennysheep_nub
D:4:      layout_cave_pools, amcnicky_altar_gilded, gammafunk_ghost_grave,
          minmay_large_rounded_square

Skill      XL: |  1  2  3  4 |
---------------+-------------+-----
Stealth        | 2 3 |  3.1
Dodging        | 2 |  2.8
Spellcasting   | 3 |  3.1
Conjurations   | |  4.7

Action                     |  1- 3 |  4- 6 || total
---------------------------+-------+-------++-------
  Melee: Unarmed           |    23 |    14 ||    37
         Punch             |     1 |       ||     1
   Cast: Magic Dart        |    74 |    82 ||   156
         Searing Ray       |     3 |     4 ||     7
 Armour: Robe              |    21 |    23 ||    44
  Dodge: Dodged            |    18 |    24 ||    42
